 Dungeon Crawl Stone Soup version 0.31.0-32-g396128a36d (webtiles) character file.

Game seed: 16872897725504592934

122 mainiacjoe the Caller (level 5, 0/31 HPs)
             Began as an Octopode Summoner on Mar 26, 2024.
             Slain by an orc wizard
             ... wielding a +0 dagger
              (3 damage)
             ... on level 3 of the Dungeon.
             The game lasted 00:07:22 (2704 turns).

mainiacjoe the Caller (Octopode Summoner)           Turns: 2704, Time: 00:07:22

Health: 0/31       AC:  1    Str: 14    XL:     5   Next: 6%
Magic:  7/8        EV: 13    Int: 19    God:
Gold:   108        SH:  0    Dex: 12    Spells: 3/8 levels left

rFire   . . .        c - +0 whip (spect)
rCold   . . .        (no shield)
rNeg    . . .        (helmet restricted)
rPois   .            (no amulet)
rElec   .            g - +6 ring of strength
rCorr   .            (no ring)
SInv    .            (no ring)
Will    .....        (no ring)
Stlth   +++          (no ring)
HPRegen 0.25/turn    (no ring)
MPRegen 0.11/turn    (no ring)
                     (no ring)

%: no passive effects
@: no status effects
A: almost no armour, amphibious, 8 rings, camouflage 1, gelatinous body 1,
(nimble swimmer 1), tentacles
a: no special abilities


You were on level 3 of the Dungeon.
You visited 1 branch of the dungeon, and saw 3 of its levels.

You collected 108 gold pieces.

Inventory:

Hand Weapons
 c - a +0 spectral whip (weapon)
Missiles
 b - 29 stones
 f - 8 poisoned darts
Jewellery
 g - a +6 ring of strength (left tentacle)
Scrolls
 e - a scroll of identify
Potions
 a - a potion of magic
 d - 3 potions of curing


   Skills:
 - Level 2.0 Dodging
 - Level 2.6 Stealth
 - Level 2.0 Spellcasting
 + Level 6.2 Summonings


You had 3 spell levels left.
You knew the following spells:

 Your Spells              Type           Power      Damage    Failure   Level
b - Call Imp              Summ           50%        N/A       1%          2
c - Call Canine Familiar  Summ           25%        N/A       4%          3

Your spell library contained the following spells:

 Spells                   Type           Power      Damage    Failure   Level
 Summon Small Mammal      Summ           100%       N/A       1%          1
 Summon Blazeheart Golem  Fire/Summ      13%        N/A       43%         4
 Summon Lightning Spire   Summ/Air       13%        N/A       43%         4
 Malign Gateway           Summ/Tloc      6%         N/A       100%        7
 Summon Horrible Things   Summ           12%        N/A       100%        8


Dungeon Overview and Level Annotations

Branches:
Dungeon (3/15)

Altars:
Ashenzari
Trog

Annotations:
D:2 Sigmund


Innate Abilities, Weirdness & Mutations

You cannot wear most types of armour.
You are amphibious.
You can wear up to eight rings at the same time.
Your skin changes colour to match your surroundings (Stealth+).
Your rubbery body absorbs attacks. (AC +1, EV +1)
((You are camouflaged when in or above water. (Stealth+)))
You have tentacles for arms and can constrict up to eight enemies at once.


Message History

Something hits you.
You hit something.
Your +0 spectral whip hits something.
You feel less confused.
You hear some strange, mumbled words.
You are confused.
You hear some strange, mumbled words.
A puff of flame appears from out of thin air!
The puff of flame hits you.
Your +0 spectral whip disappears.
You hear some strange, mumbled words.
A magic dart appears from out of thin air!
The magic dart hits you. Something hits you.
You're too confused to move!
You're too confused to move!
You feel less confused. Something barely misses you. Something hits you.
Something hits you.
You closely miss something.
Your +0 spectral whip misses something.
Something barely misses you.
You hit something but do no damage.
Your +0 spectral whip closely misses something.
You hear some strange, mumbled words.
A magic dart appears from out of thin air!
The magic dart hits you!
* * * LOW HITPOINT WARNING * * *
Something hits you.
* * * LOW HITPOINT WARNING * * *
You barely miss something. Your squeeze misses something.
Your +0 spectral whip misses something.
Something hits you but does no damage.
You hit something.
Your +0 spectral whip closely misses something.
Something hits you.
* * * LOW HITPOINT WARNING * * *
You hit something but do no damage.
Your tentacle-slap misses something.
Your squeeze misses something.
Your +0 spectral whip barely misses something.
Something hits you.
You die...

..........##....####'###
.#.......#......####.#
.#.......#.........#.#
.#....)..#.####.##...#
.......).###.....#..##
..........o#.##..#'####
##########r#.#..(.....#
#g#....{.....#
#.###..@.....#
##............#
#..###........#
##.#.....#######
#....>...# #<#
####.....# #.#
#........#####.#
#.....)..).....#
#.....#..).....#


You could see a friendly +0 spectral whip.

Vanquished Creatures
  An orc priest (D:3)
  A dart slug (D:1)
  A ribbon worm (D:3)
  An orc (D:3)
  A bat (D:2)
  A giant cockroach (D:2)
  A goblin (D:3)
  3 jackals
  2 quokkas
  3 ball pythons
  A kobold (D:2)
  A rat (D:3)
17 creatures vanquished.

Vanquished Creatures (collateral kills)
  An adder (D:2)
  A ribbon worm (D:3)
  A dart slug (D:1)
  5 orcs (D:3)
  5 endoplasms
  3 giant cockroaches
  7 goblins
  6 hobgoblins
  2 quokkas
  4 ball pythons
  A bat (D:1)
  3 kobolds
  5 rats
44 creatures vanquished.

Grand Total: 61 creatures vanquished

Notes
Turn   | Place    | Note
-------+----------+-------------------------------------------
     0 | D:1      | mainiacjoe the Octopode Summoner began the quest for the
                  | Orb.
     0 | D:1      | Reached XP level 1. HP: 11/11 MP: 3/3
   219 | D:1      | Reached XP level 2. HP: 17/17 MP: 1/5
   222 | D:1      | Learned a level 2 spell: Call Imp
  1119 | D:2      | Reached XP level 3. HP: 21/21 MP: 2/6
  1126 | D:2      | Learned a level 3 spell: Call Canine Familiar
  1166 | D:2      | Reached skill level 5 in Summonings
  1826 | D:2      | Reached XP level 4. HP: 27/27 MP: 4/7
  2001 | D:2      | Noticed Sigmund
  2272 | D:3      | HP: 1/27 [orc wizard/puff of flame (8)]
  2308 | D:3      | Reached skill level 6 in Summonings
  2557 | D:3      | Found a bloodstained altar of Trog.
  2558 | D:3      | Found a broken altar of Ashenzari.
  2611 | D:3      | Reached XP level 5. HP: 31/31 MP: 8/8
  2704 | D:3      | Slain by an orc wizard

Illustrated notes

Levels and vault maps discovered:
D:1:      lemuel_arrival_cross, layout_basic
D:2:      layout_loops_ring, grunt_ministairs_9, uniq_sigmund
D:3:      layout_basic, nicolae_overflow_two_pavilions,
          hangedman_decor_slide_cut, uniq_crazy_yiuf_cottage

Skill      XL: |  1  2  3  4 |
---------------+-------------+-----
Summonings     | 5 6 |  6.2
Dodging        | |  2.0
Stealth        | |  2.6
Spellcasting   | |  2.0

Action                     |  1- 3 |  4- 6 || total
---------------------------+-------+-------++-------
  Melee: Unarmed           |     2 |       ||     2
         Constrict         |     8 |     5 ||    13
         Whip              |    19 |    24 ||    43
         Tentacles         |     4 |     7 ||    11
   Cast: Summon Small Mamm |    26 |       ||    26
         Call Imp          |    10 |     6 ||    16
         Call Canine Famil |     4 |     7 ||    11
    Use: Scroll            |     5 |       ||     5
         Potion            |       |     2 ||     2
   Stab: Distracted        |     1 |       ||     1
         Sleeping          |     2 |     2 ||     4
 Armour: Skin              |    10 |    22 ||    32
  Dodge: Dodged            |    20 |    17 ||    37
